cohdb
Replays
Latest Replays
All Replays
Popular Replays
Top Player Replays
Match Explorer
How It Works
Community
CoH3 Stats
Reddit
Sign in to upload your games and track your stats! →
Sign in with Steam
Match 47164999
Unlisted
Match 47164999
Overview
Messages
Build Orders
End
Pioneer Squad
Construct Infanterie Kompanie
MG 42 Machine Gun Team
Selects Breakthrough Battlegroup
Selects Assault Grenadiers
Grenadier Squad
Grenadier Squad
Grenadier Squad
Construct Luftwaffe Kompanie
221 Scout Car
Selects Rapid Production
Selects Breakthrough
221 Scout Car
Medical Station
Infanterie Officer Quarters
MG 42 Machine Gun Team
Support Elements
Flak 30 Anti-aircraft Gun Team
Selects Incendiary Bombing Run
Jäger Squad
Incendiary Bombing Run
Wirbelwind Flakpanzer
Pioneer Squad
Selects Blitzkrieg
Construct Panzer Kompanie
Incendiary Bombing Run
Panzer IV Medium Tank
Blitzkrieg
Jäger Squad
Sheogorath-Sama
[PMT]Reza Rommel
WFantasy
pagep
Billy Mitchell
7k this year for sure
0
0
Comments
sign in to comment!
No comments posted yet!